 Dungeon Crawl Stone Soup version 0.27-a0-1177-g245c70e1c0 (webtiles) character file.

Game seed: 5514126518885320749

205 Gargoyl the Skirmisher (level 5, -9/41 (47) HPs)
             Began as a Gnoll Abyssal Knight on May 16, 2021.
             Was a Believer of Lugonu.
             Mangled by a wight
             ... wielding a +1 war axe
              (14 damage)
             ... on level 3 of the Dungeon.
             The game lasted 00:04:31 (4100 turns).

Gargoyl the Skirmisher (Gnoll Abyssal Knight)       Turns: 4100, Time: 00:04:31

HP:   -9/41 (47)    AC:  8    Str: 13    XL:     5   Next: 83%
MP:   8/8           EV:  9    Int: 11    God:    Lugonu [**....]
Gold: 125           SH:  4    Dex: 11    Spells: 7/7 levels left

rFire    . . .     SeeInvis .   a - +2 hand axe
rCold    . . .     Faith    .   d - +0 buckler
rNeg     . . .     Spirit   .   j - +1 scale mail {Will+}
rPois    +         Reflect  .   (no helmet)
rElec    .         Harm     .   (no cloak)
rCorr    .         Rampage  .   (no gloves)
Will     +....                  (no boots)
Stlth    ..........             (no amulet)
HPRegen  0.13/turn              g - ring of poison resistance
MPRegen  0.11/turn              (no ring)

@: heavily drained
A: fangs 1, strong nose, distributed training
a: Renounce Religion, Depart the Abyss, Bend Space


You were on level 3 of the Dungeon.
You worshipped Lugonu.
Lugonu was pleased with you.
You visited 1 branch of the dungeon, and saw 4 of its levels.
You visited the Abyss 1 time.

You collected 125 gold pieces.

Inventory:

Hand Weapons
 a - a +2 hand axe (weapon)
 e - a +2 mace of holy wrath
Missiles
 h - 5 boomerangs
Armour
 d - a +0 buckler (worn)
 j - a +1 scale mail of willpower (worn)
Jewellery
 g - a ring of poison resistance (left hand)
Wands
 c - a wand of flame (9)
 m - a wand of mindburst (9)
Scrolls
 b - a scroll of identify
 f - a scroll of teleportation
 i - a scroll of magic mapping {unknown}
Potions
 k - 2 potions of invisibility
 l - a potion of berserk rage


   Skills:
 + Level 6.7 Fighting
 + Level 1.6 Short Blades
 + Level 1.6 Long Blades
 + Level 4.8 Axes
 + Level 1.6 Maces & Flails
 + Level 1.6 Polearms
 + Level 1.6 Staves
 + Level 1.6 Slings
 + Level 1.6 Bows
 + Level 1.6 Crossbows
 + Level 1.6 Throwing
 + Level 4.8 Armour
 + Level 3.1 Dodging
 + Level 1.6 Stealth
 + Level 1.6 Shields
 + Level 1.6 Unarmed Combat
 + Level 1.6 Spellcasting
 + Level 1.3 Conjurations
 + Level 1.3 Hexes
 + Level 1.3 Summonings
 + Level 1.3 Necromancy
 + Level 1.3 Translocations
 + Level 1.3 Transmutations
 + Level 1.3 Fire Magic
 + Level 1.3 Ice Magic
 + Level 1.3 Air Magic
 + Level 1.3 Earth Magic
 + Level 1.3 Poison Magic
 + Level 4.9 Invocations
 + Level 1.6 Evocations


You had 7 spell levels left.
You didn't know any spells.
Your spell library contained the following spells:

 Spells                   Type           Power      Damage    Failure   Level
 Animate Skeleton         Necr           6%         N/A       69%         1
 Pain                     Necr           12%        1d4       69%         1
 Vampiric Draining        Necr           1%         2d6       96%         3
 Animate Dead             Necr           1%         N/A       100%        4
 Agony                    Necr           3%         N/A       100%        5


Dungeon Overview and Level Annotations

Branches:
Dungeon (4/15)
 Temple: D:4-7

Altars:
Zin

Annotations:
D:1 Terence


Innate Abilities, Weirdness & Mutations

You have very sharp teeth.
Your uncanny sense of smell can sniff out nearby items.
Your experience applies equally to all skills.


Message History

The hobgoblin barely misses you. The wight closely misses you.
The wight hits you with a +1 war axe! The wight hits you with a +1 war axe.
Things that are here:
a scorpion corpse; a ball python corpse
There is a stone staircase leading up, spattered with blood here.
You block the wight's attack. The hobgoblin barely misses you.
The wight hits you with a +1 war axe.
You feel drained.
You climb upwards.
There is a stone staircase leading down here.
You closely miss the wight. You hit the hobgoblin.
You hit the wight but do no damage. You block the wight's attack.
You block the hobgoblin's attack. The wight barely misses you.
Unknown command.
You hit the wight.
The wight is moderately damaged.
You hit the wight but do no damage. You closely miss the hobgoblin.
The wight closely misses you. The hobgoblin barely misses you.
You block the wight's attack.
Unknown command.
You hit the wight.
The wight is heavily damaged.
You closely miss the wight. You closely miss the hobgoblin.
The wight hits you with a +2 long sword!
You feel drained. The hobgoblin barely misses you.
The wight hits you with a +1 war axe.
You feel drained.
Unknown command.
You hit the wight.
The wight is heavily damaged.
You hit the hobgoblin.
You kill the hobgoblin!
Lugonu accepts your kill.
You completely miss the wight.
The wight hits you with a +2 long sword!
* * * LOW HITPOINT WARNING * * *
You feel drained.
* * * LOW HITPOINT WARNING * * *
The wight hits you with a +1 war axe!
You die...

####...####...#####.#...# #####
###.# #.###.## ####.# ##.# #..# #
########....####..# ##.###
###........####.....# #...#
##..###########.###.# ###.# ...##
#....#...# #.# ####
#.###z.############ ..#### #.#
#@###.......#.#### #....# ###.#
#z# #..#.##'#..... ..##.#####...#
#.# #.####..#...#. ........#..###
#.###..#.#)##..... .##.###...##
#...#.##....#.....
.##.####...#####.###.#....##....#
.##..####.....##.###[#..#..#...##
<###.##...###......#.#######...##
.....#..#............# #.......#


You could see 2 wights.

Vanquished Creatures
  A scorpion (D:4)
  Jessica (D:3)
  3 adders
  2 worms (D:2)
  4 dart slugs
  An orc (D:3)
  4 ball pythons
  A bat (D:2)
  9 endoplasms
  4 giant cockroaches
  6 hobgoblins
  10 jackals
  6 kobolds
  3 quokkas (D:2)
  5 frilled lizards
  4 goblins
  5 rats
69 creatures vanquished.

Vanquished Creatures (others)
  A dart slug (D:3)
1 creature vanquished.

Grand Total: 70 creatures vanquished

Notes
Turn   | Place    | Note
-------+----------+-------------------------------------------
     0 | Abyss:1  | Gargoyl the Gnoll Abyssal Knight began the quest for the
                  | Orb.
     0 | Abyss:1  | Reached XP level 1. HP: 23/23 MP: 3/3
    46 | Abyss:1  | Noticed a worldbinder
    98 | Abyss:2  | Noticed a large abomination
   100 | Abyss:3  | Noticed a smoke demon
   101 | D:1      | Escaped the Abyss
   448 | D:1      | Reached XP level 2. HP: 29/29 MP: 5/5
   516 | D:1      | Reached * piety under Lugonu
   718 | D:1      | Found a faded altar of an unknown god.
  1176 | D:2      | Noticed Terence
  1191 | D:1      | Reached XP level 3. HP: 24/35 MP: 6/6
  1435 | D:2      | Found a glowing silver altar of Zin.
  1858 | D:2      | Reached skill level 1 in Short Blades
  1858 | D:2      | Reached skill level 1 in Long Blades
  1858 | D:2      | Reached skill level 1 in Maces & Flails
  1858 | D:2      | Reached skill level 1 in Polearms
  1858 | D:2      | Reached skill level 1 in Staves
  1858 | D:2      | Reached skill level 1 in Slings
  1858 | D:2      | Reached skill level 1 in Bows
  1858 | D:2      | Reached skill level 1 in Crossbows
  1858 | D:2      | Reached skill level 1 in Throwing
  1858 | D:2      | Reached skill level 1 in Stealth
  1858 | D:2      | Reached skill level 1 in Shields
  1858 | D:2      | Reached skill level 1 in Unarmed Combat
  1858 | D:2      | Reached skill level 1 in Spellcasting
  1858 | D:2      | Reached skill level 1 in Evocations
  2134 | D:2      | Reached XP level 4. HP: 35/41 MP: 7/7
  2978 | D:3      | Noticed Jessica
  3001 | D:2      | Reached ** piety under Lugonu
  3291 | D:3      | Killed Jessica
  3292 | D:3      | Reached skill level 1 in Conjurations
  3292 | D:3      | Reached skill level 1 in Hexes
  3292 | D:3      | Reached skill level 1 in Summonings
  3292 | D:3      | Reached skill level 1 in Necromancy
  3292 | D:3      | Reached skill level 1 in Translocations
  3292 | D:3      | Reached skill level 1 in Transmutations
  3292 | D:3      | Reached skill level 1 in Fire Magic
  3292 | D:3      | Reached skill level 1 in Ice Magic
  3292 | D:3      | Reached skill level 1 in Air Magic
  3292 | D:3      | Reached skill level 1 in Earth Magic
  3292 | D:3      | Reached skill level 1 in Poison Magic
  3529 | D:3      | Reached XP level 5. HP: 39/47 MP: 8/8
  4100 | D:3      | Mangled by a wight

Illustrated notes

Levels and vault maps discovered:
D:1:      co_arrival_square_in_a_square_in_a_square, layout_basic,
          chequers_ecumenical_altar_simple
D:2:      layout_rooms, basic_altar, kennysheep_generic_room_7, uniq_terence
D:3:      minmay_wonky_spiral, layout_rooms, minmay_misc_feat_enclosed,
          st_stairs_9, grunt_ministairs_2, uniq_jessica
D:4:      layout_rooms, lightli_sewer_entry_pipes, biasface_ghost_orc_armoury

Skill      XL: |  1  2  3  4  5 |
---------------+----------------+-----
Short Blades   | 1 |  1.6
Long Blades    | 1 |  1.6
Maces & Flails | 1 |  1.6
Polearms       | 1 |  1.6
Staves         | 1 |  1.6
Slings         | 1 |  1.6
Bows           | 1 |  1.6
Crossbows      | 1 |  1.6
Throwing       | 1 |  1.6
Stealth        | 1 |  1.6
Shields        | 1 |  1.6
Unarmed Combat | 1 |  1.6
Spellcasting   | 1 |  1.6
Evocations     | 1 |  1.6
Conjurations   | 1 |  1.3
Hexes          | 1 |  1.3
Summonings     | 1 |  1.3
Necromancy     | 1 |  1.3
Translocations | 1 |  1.3
Transmutations | 1 |  1.3
Fire Magic     | 1 |  1.3
Ice Magic      | 1 |  1.3
Air Magic      | 1 |  1.3
Earth Magic    | 1 |  1.3
Poison Magic   | 1 |  1.3
Dodging        | 3 |  3.1
Fighting       | |  6.7
Axes           | |  4.8
Armour         | |  4.8
Invocations    | |  4.9

Action                   |  1- 3 |  4- 6 || total
-------------------------+-------+-------++-------
Melee: Hand axe          |   123 |   111 ||   234
       Bite              |     5 |     9 ||    14
Invok: Depart the Abyss  |     1 |       ||     1
  Use: Scroll            |     3 |     5 ||     8
       Potion            |     1 |       ||     1
Armor: Ring mail         |    60 |     4 ||    64
       Leather armour    |     1 |       ||     1
       Scale mail        |       |    51 ||    51
Dodge: Dodged            |    73 |    69 ||   142
Block: Buckler           |    21 |    21 ||    42

Table legend: (Time is in decaauts)
 A = Elapsed time spent in this place.
 B = Non-inter-level travel time spent in this place.
 C = Inter-level travel time spent in this place.
 D = Time resting spent in this place.
 E = Time spent auto-exploring this place.
 F = Levels seen in this place.
 G = Mean time per level.
                   A        B        C        D        E       F      G
               +--------+--------+--------+--------+--------+-----+--------+
         Total |   4132 |   3917 |    215 |    696 |   2328 |   7 |  590.3 |
       Dungeon |   4032 |   3817 |    215 |    696 |   2265 |   4 | 1008.0 |
         Abyss |    100 |    100 |      0 |      0 |     63 |   3 |   33.3 |
               +--------+--------+--------+--------+--------+-----+--------+

Top non-repeatable levels by time:
     D:1: 1624 daAuts
     D:2: 1561 daAuts
     D:3: 825 daAuts
 Abyss:1: 61 daAuts
 Abyss:2: 38 daAuts
     D:4: 21 daAuts
 Abyss:3: 0 daAuts
